 Dungeon Crawl Stone Soup version 0.28.0-43-g3370ac3207 (webtiles) character file.

Game seed: 1412559163628614747

1993 Faeu the Protected (level 9, 0/121 HPs)
             Began as a Minotaur Fighter on Mar 21, 2022.
             Was a Believer of Trog.
             Slain by a brown ugly thing (6 damage)
             ... on level 7 of the Dungeon.
             The game lasted 01:02:07 (7059 turns).

Faeu the Protected (Minotaur Fighter)               Turns: 7059, Time: 01:02:08

Health: 0/121      AC:  2    Str: 25    XL:     9   Next: 1%
Magic:  8/8        EV: 13    Int:  5    God:    Trog [**....]
Gold:   272        SH:  5    Dex: 10    Spells: 8/8 levels left

rFire   . . .      SeeInvis .   H - +2 dagger (vamp) {short}
rCold   . . .      Faith    .   c - +0 buckler
rNeg    . . .      Spirit   .   w - +1 scale mail {rPois}
rPois   +          Reflect  .   (helmet restricted)
rElec   .          Harm     .   (no cloak)
rCorr   .          Rampage  .   q - +0 pair of gloves
Will    .....                   (no boots)
Stlth   ..........              (no amulet)
HPRegen 0.30/turn               s - +4 ring of evasion
MPRegen 0.11/turn               (no ring)

@: berserking (expiring), corroded, very quick
A: horns 2, retaliatory headbutt
a: Renounce Religion, Berserk, Trog's Hand


You were on level 7 of the Dungeon.
You worshipped Trog.
Trog was pleased with you.
You visited 2 branches of the dungeon, and saw 8 of its levels.

You collected 272 gold pieces.


Innate Abilities, Weirdness & Mutations

You have a pair of horns on your head.
You reflexively headbutt those who attack you in melee.


   Skills:
 + Level 7.9 Fighting
 + Level 7.4 Long Blades
 + Level 8.0 Armour
 + Level 7.9 Shields


You had 8 spell levels left.
You didn't know any spells.
Your spell library was empty.

Inventory:

Hand Weapons
 a - a +0 long sword {long}
 b - a +1 mace of protection {mace}
   (You took it off an orc on level 5 of the Dungeon)
 r - a +0 dagger of protection {short}
   (You took it off a kobold on level 4 of the Dungeon)
 v - a +1 hand axe of draining {axe}
   (You took it off an orc on level 4 of the Dungeon)
 x - a +1 whip of freezing {mace}
   (You took it off a gnoll on level 4 of the Dungeon)
 H - a +2 vampiric dagger (weapon) {short}
   (You took it off an orc on level 6 of the Dungeon)
Missiles
 m - 82 stones {throwing}
 t - 3 boomerangs (quivered) {throwing}
 y - 3 throwing nets {=f!fthrowing}
Armour
 c - a +0 buckler (worn)
 q - a +0 pair of gloves (worn)
   (You found it on level 3 of the Dungeon)
 u - a +2 ring mail of willpower
   (You took it off an orc priest on level 4 of the Dungeon)
 w - a +1 scale mail of poison resistance (worn)
   (You took it off an orc priest on level 4 of the Dungeon)
 D - an orb of light
   (You found it on level 7 of the Dungeon)
 F - a +0 cloak
   (You found it on level 6 of the Dungeon)
Jewellery
 s - a +4 ring of evasion (left hand)
   (You found it on level 4 of the Dungeon)
Wands
 z - a wand of charming (8)
   (You took it off a goblin on level 4 of the Dungeon)
Scrolls
 e - 2 scrolls of teleportation {@r4}
 h - 2 scrolls of blinking {!r}
 i - 3 scrolls of torment {!r}
 k - 3 scrolls of identify {@r1}
 l - a scroll of enchant armour {unknown}
 n - 2 scrolls of amnesia
 p - 3 scrolls of magic mapping {unknown}
 A - 2 scrolls of enchant weapon {unknown}
 G - a scroll of noise {unknown}
Potions
 d - 2 potions of might
 f - a potion of heal wounds {unknown}
 g - a potion of berserk rage {unknown}
 j - 2 potions of curing {@q1}
 o - a potion of haste {@q3}
 B - 2 potions of degeneration {unknown}
 C - 3 potions of magic {unknown}
 E - 2 potions of brilliance {unknown}

Dungeon Overview and Level Annotations

Branches:
Dungeon (7/15)             Temple (1/1) D:4

Altars:
Okawaru
Ru
Trog
Uskayaw
Vehumet

Shops:
D:7 ??

Annotations:
D:3 3 runed translucent doors, kthxbai's ghost, weakling DsTm

... ....### ......###
#......## # #......#
.#.###.....##
>....#.#<...####
#.............#
...#........... ..###
##.@...##### ....#.#
...# #.u...#
......##.#.####...###
..##..............#
.>...?............#
..##...............
...............∩...
.#................##
............)....


You could see a brown ugly thing.


Message History

😎 HP[+12] Done exploring.
(D) Dungeon (T) Temple
Where to? (Enter - D:6 @ (x,y), ? - help)
There is a stone staircase leading down here.
You climb downwards.
A hound comes into view.
There is a stone staircase leading up here.
A hound is nearby!
The hound barks!
Found an escape hatch in the floor.
The hound bites you but does no damage. x2
You closely miss the hound. You headbutt the hound.
The hound bites you but does no damage.
You closely miss the hound. Your headbutt misses the hound.
The hound bites you but does no damage.
A brown ugly thing comes into view.
The brown ugly thing gurgles horribly!
You hit the hound. Your headbutt misses the hound.
You block the hound's attack.
You hit the hound. You headbutt the hound.
The hound bites you but does no damage. The hound closely misses you.
You hit the hound. You block the hound's attack.
You barely miss the hound. You headbutt the hound.
You kill the hound!
Trog accepts your kill.
You throw a boomerang {throwing}.
The boomerang {throwing} hits the brown ugly thing.
You throw a boomerang {throwing}.
The boomerang {throwing} hits the brown ugly thing but does no damage.
You hit the brown ugly thing.
The brown ugly thing closely misses you.
You closely miss the brown ugly thing. You headbutt the brown ugly thing.
The brown ugly thing headbutts you but does no damage.
You hit the brown ugly thing.
The brown ugly thing closely misses you.
You hit the brown ugly thing. You hit the brown ugly thing.
The brown ugly thing headbutts you but does no damage.
You hit the brown ugly thing but do no damage.
You headbutt the brown ugly thing. The brown ugly thing headbutts you!
You are splashed with acid! 😮 HP[-22]
You take 22 damage, and now have 59/81 hp.
MASSIVE DAMAGE!! (PAUSE)
You hit the brown ugly thing.
You feel better.
Your headbutt misses the brown ugly thing.
The brown ugly thing headbutts you!
You are splashed with acid! 😮 HP[-18]
You take 18 damage, and now have 41/81 hp.
MASSIVE DAMAGE!! (PAUSE)
You barely miss the brown ugly thing.
The brown ugly thing closely misses you.
You hit the brown ugly thing.
You feel better.
You headbutt the brown ugly thing. The brown ugly thing headbutts you!
* * * LOW HITPOINT WARNING * * *
The acid corrodes you!
You are splashed with acid!
* * * LOW HITPOINT WARNING * * *
😨 HP[-14]
You take 14 damage, and now have 27/81 hp.
Unknown command.
You hit the brown ugly thing.
You feel better. 😨 HP[+1]
You hit the brown ugly thing.
You feel better.
You headbutt the brown ugly thing, but do no damage.
The brown ugly thing headbutts you.
* * * LOW HITPOINT WARNING * * *
You are splashed with acid!
* * * LOW HITPOINT WARNING * * *
😨 HP[-7]
You take 7 damage, and now have 21/81 hp.
A brown ugly thing is nearby!
A red film seems to cover your vision as you go berserk!
You feel yourself moving faster!
You feel mighty!
The brown ugly thing barely misses you. 😨 HP[+11]
You now have 121 max hp (+40).
You regained 11 hp, and now have 32/121 hp.
You hit the brown ugly thing but do no damage.
The brown ugly thing barely misses you.
You closely miss the brown ugly thing.
You completely miss the brown ugly thing.
The brown ugly thing headbutts you!
* * * LOW HITPOINT WARNING * * *
The acid corrodes you!
You are splashed with acid!
* * * LOW HITPOINT WARNING * * *
😱 HP[-16]
You take 16 damage, and now have 16/121 hp.
You hit the brown ugly thing but do no damage.
The brown ugly thing headbutts you.
* * * LOW HITPOINT WARNING * * *
You are splashed with acid!
* * * LOW HITPOINT WARNING * * *
😱 HP[-10]
You take 10 damage, and now have 6/121 hp.
You are too berserk!
You barely miss the brown ugly thing.
You hit the brown ugly thing but do no damage.
Your headbutt misses the brown ugly thing.
The brown ugly thing headbutts you.
You die...

Skill      XL: |  1  2  3  4  5  6  7  8 |
---------------+-------------------------+-----
Armour         | 4 5 6 8 |  8.0
Shields        | 4 5 6 7 |  7.9
Fighting       | 4 5 6 7 |  7.9
Long Blades    | 3 4 5 6 7 |  7.4

Action                   |  1- 3 |  4- 6 |  7- 9 || total
-------------------------+-------+-------+-------++-------
Melee: Long sword        |    67 |   105 |    88 ||   260
       Headbutt          |     8 |    13 |    52 ||    73
       Dagger            |       |       |    83 ||    83
       Mace              |       |       |    60 ||    60
       Whip              |       |       |     8 ||     8
Throw: Stone             |       |     4 |       ||     4
       Boomerang         |       |       |    34 ||    34
Invok: Berserk           |       |       |     1 ||     1
  Use: Scroll            |       |     1 |     4 ||     5
Armor: Scale mail        |    31 |    45 |    82 ||   158
       Ring mail         |       |     3 |    10 ||    13
Dodge: Dodged            |    21 |    54 |   139 ||   214
Block: Buckler           |    13 |    19 |    62 ||    94

Levels and vault maps discovered:
D:1:      lightli_arrival_statue_moat, layout_basic,
          hellmonk_ecumenical_altar_heavens_door, nicolae_wormholes
D:2:      wad_lake_hut, layout_rooms
D:3:      layout_basic, gammafunk_ghost_nasty_kobolds
D:4:      minmay_angry_zag, layout_loops_ring, minmay_temple_entry_ruins,
          minmay_cupped, uniq_grinder
D:5:      layout_loops_ring, nicolae_uskayaw_murder_on_the_dancefloor
D:6:      layout_layer_cave, kennysheep_generic_room_11
D:7:      layout_rooms, serial_shops, shop, shop, uniq_menkaure
Temple:   mainiacjoe_temple_big_plus

Notes
Turn   | Place    | Note
-------+----------+-------------------------------------------
     0 | D:1      | Faeu the Minotaur Fighter began the quest for the Orb.
     0 | D:1      | Reached XP level 1. HP: 19/19 MP: 0/0
     0 | D:1      | magus.rc [v1.9.6]
   130 | D:1      | Found a faded altar of an unknown god.
   131 | D:1      | magus.rc [v1.9.6]
   141 | D:1      | magus.rc [v1.9.6]
   308 | D:1      | magus.rc [v1.9.6]
   316 | D:1      | Reached XP level 2. HP: 27/27 MP: 1/1
   316 | D:1      | magus.rc [v1.9.6]
   351 | D:1      | magus.rc [v1.9.6]
   422 | D:1      | magus.rc [v1.9.6]
   459 | D:1      | magus.rc [v1.9.6]
   526 | D:1      | Reached skill level 4 in Armour
   526 | D:1      | Reached skill level 4 in Shields
   530 | D:1      | Reached skill level 4 in Fighting
   535 | D:1      | magus.rc [v1.9.6]
   724 | D:2      | Reached skill level 3 in Long Blades
   725 | D:2      | Reached XP level 3. HP: 21/33 MP: 2/2
  1528 | D:3      | Reached XP level 4. HP: 41/41 MP: 3/3
  1796 | D:3      | Found a runed translucent gate.
  1796 | D:3      | Found a runed translucent gate.
  1796 | D:3      | Found a runed translucent gate.
  1799 | D:3      | Noticed a kobold brigand
  1799 | D:3      | Noticed kthxbai's ghost (weakling DsTm)
  1848 | D:3      | magus.rc [v1.9.6]
  2782 | D:4      | Noticed a necrophage
  2789 | D:4      | Killed a necrophage
  2790 | D:4      | Reached skill level 4 in Long Blades
  2790 | D:4      | Reached skill level 5 in Armour
  2790 | D:4      | Reached XP level 5. HP: 44/47 MP: 4/4
  2847 | D:4      | Reached skill level 5 in Fighting
  2847 | D:4      | Reached skill level 5 in Shields
  2847 | D:4      | Reached XP level 6. HP: 55/56 MP: 5/5
  2872 | D:4      | Found a staircase to the Ecumenical Temple.
  2892 | Temple   | Entered the Ecumenical Temple
  3061 | Temple   | Became a worshipper of Trog the Wrathful
  3066 | Temple   | magus.rc [v1.9.6]
  3405 | D:4      | Reached skill level 5 in Long Blades
  3405 | D:4      | Reached XP level 7. HP: 61/62 MP: 6/6
  3439 | D:4      | HP: 15/62 [gnoll sergeant/+0 trident (10)]
  3458 | D:4      | HP: 14/62 [gnoll sergeant/+0 trident (4)]
  3757 | D:4      | Reached skill level 6 in Armour
  3774 | D:4      | Reached skill level 6 in Fighting
  3775 | D:4      | Reached * piety under Trog
  3776 | D:4      | Reached skill level 6 in Shields
  4078 | D:4      | Noticed Grinder
  4094 | D:4      | Killed Grinder
  4374 | D:5      | Entered Level 5 of the Dungeon
  4681 | D:5      | Reached skill level 6 in Long Blades
  4681 | D:5      | Reached XP level 8. HP: 21/71 MP: 7/7
  5105 | D:5      | magus.rc [v1.9.6]
  5158 | D:5      | Found a hide-covered altar of Uskayaw.
  5207 | D:5      | You fall into a shaft and drop 2 floors!
  5207 | D:7      | Found Tilegh's Magic Scroll Emporium.
  5217 | D:7      | Reached skill level 7 in Fighting
  5217 | D:7      | Reached skill level 7 in Armour
  5217 | D:7      | Reached skill level 7 in Shields
  5225 | D:7      | Found Weab's Magic Scroll Shop.
  5692 | D:6      | magus.rc [v1.9.6]
  5701 | D:6      | Reached skill level 7 in Long Blades
  6835 | D:6      | Reached ** piety under Trog
  6836 | D:6      | Reached skill level 8 in Armour
  6839 | D:6      | Reached XP level 9. HP: 68/81 MP: 8/8
  7035 | D:7      | Noticed a brown ugly thing
  7056 | D:7      | HP: 24/121 [brown ugly thing (8)]
  7057 | D:7      | HP: 6/121 [acid (8)]
  7059 | D:7      | Slain by a brown ugly thing

Vanquished Creatures
  Grinder (D:4)
  An orc warrior (D:6)
  A black bear (D:7)
  A necrophage (D:4)
  A centaur (D:6)
  3 ogres
  A gnoll sergeant (D:4)
  3 scorpions (D:4)
  4 wights (D:6)
  A howler monkey (D:5)
  A centaur zombie (D:6)
  3 bullfrog skeletons
  2 hounds
  2 orc priests (D:4)
  2 iguanas
  5 orc wizards
  2 hound skeletons (D:4)
  13 gnolls
  6 adders
  A white imp (D:5)
  2 ufetubi (D:4)
  An adder zombie (D:5)
  5 worms
  5 dart slugs
  20 orcs
  6 endoplasms
  A giant cockroach (D:4)
  5 goblins
  4 hobgoblins
  4 jackals (D:2)
  3 quokkas
  4 ball pythons
  A bat (D:2)
  A frilled lizard (D:2)
  5 kobolds
  3 rats (D:2)
124 creatures vanquished.

Vanquished Creatures (others)
  A fungus (D:3)
  8 plants
9 creatures vanquished.

Grand Total: 133 creatures vanquished

Table legend:
 A = Non-vault XP
 B = Vault XP
 C = Vault XP percentage of total XP
 D = Non-vault monster count
 E = Vault monster count
 F = Vault count percentage of total count
                 A         B        C        D         E       F
            +---------+---------+-------+---------+---------+-------
      Total |    2389 |     459 |  16.1 |     114 |      10 |   8.1
            +---------+---------+-------+---------+---------+-------
        D:1 |      22 |      10 |  31.2 |       9 |       2 |  18.2
        D:2 |      59 |       0 |   0.0 |      19 |       0 |   0.0
        D:3 |      80 |       0 |   0.0 |      13 |       0 |   0.0
        D:4 |     700 |     449 |  39.1 |      32 |       8 |  20.0
        D:5 |     347 |       0 |   0.0 |      10 |       0 |   0.0
        D:6 |     935 |       0 |   0.0 |      25 |       0 |   0.0
        D:7 |     211 |       0 |   0.0 |       4 |       0 |   0.0
     Temple |      35 |       0 |   0.0 |       2 |       0 |   0.0
            +---------+---------+-------+---------+---------+-------

Illustrated notes

Table legend:
 A = Kills in this place as a percentage of kills in entire the game.
 B = Kills by you in this place as a percentage of kills by you in the entire game.
 C = Kills by friends in this place as a percentage of kills by friends in the entire game.
 D = Other kills in this place as a percentage of other kills in the entire game.
 E = Experience gained in this place as a percentage of experience gained in the entire game.
 F = Experience gained in this place divided by the number of levels of this place that you have seen.
                   A       B       C       D       E      F
               +-------+-------+-------+-------+-------+----------------------
         Total | 100.0 | 100.0 |   N/A |   N/A | 100.0 | 356.0
       Dungeon |  98.4 |  98.4 |   N/A |   N/A |  98.8 | 401.9
        Temple |   1.6 |   1.6 |   N/A |   N/A |   1.2 |  35.0
               +-------+-------+-------+-------+-------+----------------------

Table legend: (Time is in decaauts)
 A = Elapsed time spent in this place.
 B = Non-inter-level travel time spent in this place.
 C = Inter-level travel time spent in this place.
 D = Time resting spent in this place.
 E = Time spent auto-exploring this place.
 F = Levels seen in this place.
 G = Mean time per level.
                   A        B        C        D        E       F      G
               +--------+--------+--------+--------+--------+-----+--------+
         Total |   7184 |   7114 |     70 |    915 |   4565 |   8 |  898.0 |
       Dungeon |   6948 |   6878 |     70 |    794 |   4533 |   7 |  992.6 |
        Temple |    235 |    235 |      0 |    121 |     32 |   1 |  235.0 |
               +--------+--------+--------+--------+--------+-----+--------+

Top non-repeatable levels by time:
     D:3: 1574 daAuts
     D:6: 1556 daAuts
     D:4: 1138 daAuts
     D:5: 913 daAuts
     D:2: 860 daAuts
     D:1: 665 daAuts
     D:7: 239 daAuts
  Temple: 235 daAuts
